General information
- name: BNet
- type: Ladder team game (AT/RT)
- host: Battle.net
- saver: Gobiner
map: FullScaleAssault
- players: 8
- length: 48:54
- speed: Fast
- version: 1.24 W3XP
- replay type: Public
» download(435 KB)
Players
team 1 (loser)
777[7]777 (
orange | 129 APM | 4703 actions | 36:32)
3 Mountain King
2 Storm Bolt
1 Bash
2 Paladin
1 Holy Light
1 Devotion Aura
1 Archmage
1 Blizzard
» actions
| Assign group hotkey | 135 | |
| Basic commands | 293 | |
| Build / train | 200 | |
| Enter build submenu | 29 | |
| Enter hero's abilities submenu | 6 | |
| Right click | 1288 | |
| Select / deselect | 725 | |
| Select group hotkey | 1888 | |
| Use ability | 139 | |
4703 total
» units
| Peasant | 32 | |
| Footman | 7 | |
| Knight | 42 | |
| Priest | 4 | |
| Goblin Zeppelin | 1 | |
| Siege Engine | 10 | |
96 total
» upgrades
| Defend | 2 | |
| Lumber Harvesting | 2 | |
| Swords | 3 | |
| Animal War Training | 2 | |
| Plating | 3 | |
| Masonry | 3 | |
| Priest Training | 2 | |
| Magic Sentry | 1 | |
| Barrage | 1 | |
| Gunpowder | 3 | |
22 total
» buildings
| Altar of Kings | 1 | |
| Barracks | 2 | |
| Farm | 17 | |
| Keep | 1 | |
| Scout Tower | 12 | |
| Lumber Mill | 1 | |
| Arcane Tower | 4 | |
| Arcane Vault | 1 | |
| Town Hall | 2 | |
| Castle | 2 | |
| Guard Tower | 12 | |
| Blacksmith | 1 | |
| Arcane Sanctum | 2 | |
| Workshop | 3 | |
61 total
» build order
00:11 Altar of Kings
00:13 Barracks
00:25 Farm
01:02 Farm
01:03 Farm
02:00 Farm
02:59 Keep
03:07 Scout Tower
03:11 Scout Tower
04:00 Lumber Mill
04:04 Arcane Tower
05:00 Arcane Vault
05:27 Town Hall
05:42 Castle
05:42 Castle
05:49 Guard Tower
05:49 Guard Tower
05:50 Guard Tower
05:50 Guard Tower
06:01 Farm
06:45 Blacksmith
07:27 Barracks
07:30 Farm
07:31 Farm
07:42 Scout Tower
07:44 Scout Tower
07:45 Scout Tower
08:37 Guard Tower
09:47 Farm
09:48 Farm
09:49 Farm
09:59 Arcane Tower
10:01 Guard Tower
13:16 Arcane Sanctum
13:17 Arcane Sanctum
18:59 Farm
18:59 Farm
19:00 Farm
19:01 Farm
19:02 Farm
20:46 Scout Tower
20:48 Scout Tower
20:49 Scout Tower
21:04 Farm
21:53 Workshop
21:55 Workshop
21:57 Workshop
22:13 Arcane Tower
22:15 Guard Tower
23:23 Town Hall
26:17 Scout Tower
26:19 Scout Tower
26:21 Scout Tower
26:21 Scout Tower
28:39 Guard Tower
28:40 Arcane Tower
» items
| Scroll of Regeneration | 8 | |
| Lesser Clarity Potion | 11 | |
| Potion of Healing | 1 | |
| Scroll of Town Portal | 1 | |
21 total
HolyAlliancePPC (
teal | 136 APM | 4696 actions | 34:33)
3 Mountain King
2 Storm Bolt
1 Bash
3 Paladin
2 Holy Light
1 Divine Shield
» actions
| Assign group hotkey | 61 | |
| Basic commands | 12 | |
| Build / train | 126 | |
| ESC pressed | 5 | |
| Enter build submenu | 28 | |
| Enter hero's abilities submenu | 7 | |
| Give item / drop item | 1 | |
| Right click | 2510 | |
| Select / deselect | 870 | |
| Select group hotkey | 924 | |
| Use ability | 152 | |
4696 total
» units
| Peasant | 38 | |
| Footman | 13 | |
| Sorceress | 8 | |
| Knight | 1 | |
| Spell Breaker | 11 | |
| Rifleman | 8 | |
| Goblin Zeppelin | 4 | |
83 total
» upgrades
| Defend | 1 | |
| Plating | 1 | |
| Animal War Training | 1 | |
| Sorceress Training | 2 | |
| Swords | 1 | |
| Armor | 2 | |
| Control Magic | 1 | |
| Gunpowder | 2 | |
11 total
» buildings
| Altar of Kings | 1 | |
| Farm | 10 | |
| Barracks | 2 | |
| Lumber Mill | 1 | |
| Arcane Vault | 1 | |
| Town Hall | 1 | |
| Keep | 1 | |
| Blacksmith | 1 | |
| Castle | 1 | |
| Arcane Sanctum | 2 | |
| Scout Tower | 4 | |
| Guard Tower | 3 | |
28 total
» build order
00:05 Altar of Kings
00:07 Farm
00:49 Farm
01:09 Barracks
01:28 Farm
01:39 Lumber Mill
02:12 Arcane Vault
02:16 Farm
03:33 Farm
04:39 Town Hall
05:49 Farm
06:10 Keep
07:12 Barracks
07:38 Blacksmith
07:40 Farm
08:18 Farm
08:53 Castle
08:58 Arcane Sanctum
10:13 Scout Tower
10:15 Scout Tower
10:17 Scout Tower
10:19 Scout Tower
10:43 Farm
10:45 Guard Tower
10:47 Guard Tower
10:48 Guard Tower
11:24 Farm
12:44 Arcane Sanctum
» items
| Scroll of Regeneration | 5 | |
| Dust of Appearance | 1 | |
| Periapt of Vitality | 1 | |
| Potion of Invisibility | 1 | |
| Potion of Mana | 3 | |
| Potion of Healing | 2 | |
| Scroll of Town Portal | 4 | |
17 total
NoOrcfemales (
green | 85 APM | 3099 actions | 36:19)
5 Mountain King
3 Storm Bolt
2 Bash
2 Blood Mage
1 Flame Strike
1 Siphon Mana
» actions
| Assign group hotkey | 38 | |
| Basic commands | 294 | |
| Build / train | 122 | |
| ESC pressed | 7 | |
| Enter build submenu | 32 | |
| Enter hero's abilities submenu | 10 | |
| Give item / drop item | 2 | |
| Right click | 1263 | |
| Select / deselect | 568 | |
| Select group hotkey | 664 | |
| Use ability | 97 | |
3099 total
» units
| Peasant | 17 | |
| Rifleman | 22 | |
| Flying Machine | 7 | |
| Blue Dragon | 2 | |
| Siege Engine | 7 | |
| Makrura Snapper | 1 | |
| Mortar Team | 5 | |
61 total
» upgrades
| Gunpowder | 3 | |
| Plating | 3 | |
| Lumber Harvesting | 2 | |
| Long Rifles | 1 | |
| Flak Cannons | 1 | |
| Flying Machine Bombs | 1 | |
| Barrage | 1 | |
| Fragmentation Shards | 1 | |
| Flare | 1 | |
14 total
» buildings
| Altar of Kings | 1 | |
| Farm | 13 | |
| Blacksmith | 1 | |
| Barracks | 1 | |
| Arcane Vault | 1 | |
| Scout Tower | 5 | |
| Arcane Tower | 5 | |
| Keep | 4 | |
| Lumber Mill | 1 | |
| Workshop | 3 | |
| Castle | 4 | |
| Town Hall | 3 | |
| Guard Tower | 1 | |
43 total
» build order
00:06 Altar of Kings
00:10 Farm
00:56 Blacksmith
01:14 Barracks
01:26 Farm
02:05 Farm
02:22 Arcane Vault
02:52 Farm
03:36 Farm
04:29 Scout Tower
04:58 Arcane Tower
04:58 Arcane Tower
05:03 Scout Tower
05:07 Scout Tower
05:47 Arcane Tower
05:47 Arcane Tower
07:08 Keep
07:08 Keep
07:42 Farm
07:48 Lumber Mill
08:30 Farm
09:45 Workshop
09:47 Workshop
09:56 Workshop
10:09 Castle
10:09 Castle
10:09 Castle
11:13 Farm
12:58 Farm
14:32 Town Hall
17:24 Town Hall
22:14 Scout Tower
22:14 Scout Tower
24:11 Guard Tower
25:13 Farm
26:14 Farm
27:20 Farm
28:00 Farm
29:14 Town Hall
» items
| Lesser Clarity Potion | 2 | |
| Scroll of Regeneration | 3 | |
| Potion of Healing | 3 | |
8 total
ss.377 (
yellow | 68 APM | 3337 actions | 48:45)
5 Mountain King
2 Storm Bolt
3 Bash
1 Paladin
1 Holy Light
» actions
| Assign group hotkey | 35 | |
| Basic commands | 41 | |
| Build / train | 87 | |
| ESC pressed | 10 | |
| Enter build submenu | 62 | |
| Enter hero's abilities submenu | 6 | |
| Right click | 1573 | |
| Select / deselect | 638 | |
| Select group hotkey | 747 | |
| Use ability | 138 | |
3337 total
» units
| Peasant | 14 | |
| Footman | 6 | |
| Mortar Team | 6 | |
| Flying Machine | 15 | |
| Siege Engine | 2 | |
| Goblin Shredder | 1 | |
| Goblin Zeppelin | 2 | |
| Gryphon Rider | 4 | |
| Dragonhawk Rider | 1 | |
| Spell Breaker | 4 | |
| Knight | 6 | |
61 total
» upgrades
| Defend | 1 | |
| Gunpowder | 3 | |
| Lumber Harvesting | 1 | |
| Plating | 3 | |
| Flying Machine Bombs | 1 | |
| Flak Cannons | 1 | |
| Storm Hammers | 1 | |
11 total
» buildings
| Altar of Kings | 1 | |
| Barracks | 1 | |
| Farm | 13 | |
| Scout Tower | 3 | |
| Arcane Vault | 1 | |
| Arcane Tower | 1 | |
| Keep | 1 | |
| Blacksmith | 1 | |
| Lumber Mill | 1 | |
| Workshop | 2 | |
| Castle | 1 | |
| Gryphon Aviary | 3 | |
| Town Hall | 14 | |
43 total
» build order
00:16 Altar of Kings
00:21 Barracks
00:37 Farm
01:23 Farm
02:00 Farm
02:37 Farm
03:21 Scout Tower
03:44 Arcane Vault
03:55 Farm
03:56 Arcane Tower
04:24 Keep
04:46 Farm
05:00 Blacksmith
06:18 Lumber Mill
06:58 Workshop
07:01 Workshop
07:06 Farm
07:46 Farm
09:53 Farm
10:44 Farm
11:24 Farm
12:20 Castle
23:56 Gryphon Aviary
24:20 Gryphon Aviary
24:24 Gryphon Aviary
25:16 Farm
26:07 Farm
28:09 Scout Tower
28:10 Scout Tower
28:16 Town Hall
38:34 Town Hall
40:40 Town Hall
41:03 Town Hall
41:52 Town Hall
42:37 Town Hall
44:19 Town Hall
44:54 Town Hall
45:08 Town Hall
45:56 Town Hall
46:14 Town Hall
46:57 Town Hall
47:01 Town Hall
48:11 Town Hall
» items
| Scroll of Regeneration | 1 | |
| Lesser Clarity Potion | 2 | |
3 total
team 2 (winner)
AYoungGirl (
red | 83 APM | 4031 actions | 48:45)
6 Archmage
3 Blizzard
2 Brilliance Aura
1 Mass Teleport
5 Paladin
3 Holy Light
2 Divine Shield
5 Goblin Alchemist
3 Chemical Rage
2 Acid Bomb
» actions
| Assign group hotkey | 25 | |
| Basic commands | 151 | |
| Build / train | 125 | |
| ESC pressed | 3 | |
| Enter build submenu | 61 | |
| Enter hero's abilities submenu | 17 | |
| Give item / drop item | 14 | |
| Right click | 1733 | |
| Select / deselect | 923 | |
| Select group hotkey | 656 | |
| Use ability | 319 | |
4031 total
» units
| Peasant | 21 | |
| Priest | 2 | |
| Sorceress | 2 | |
| Goblin Zeppelin | 2 | |
| Goblin Shredder | 1 | |
| Gryphon Rider | 3 | |
| Dragonhawk Rider | 1 | |
32 total
» upgrades
| Masonry | 3 | |
| Lumber Harvesting | 2 | |
| Magic Sentry | 1 | |
| Backpack | 1 | |
| Sorceress Training | 2 | |
| Priest Training | 2 | |
| Animal War Training | 1 | |
| Armor | 3 | |
| Storm Hammers | 1 | |
| Cloud | 1 | |
| Swords | 3 | |
20 total
» buildings
| Altar of Kings | 1 | |
| Farm | 14 | |
| Scout Tower | 74 | |
| Lumber Mill | 1 | |
| Arcane Tower | 11 | |
| Guard Tower | 26 | |
| Town Hall | 2 | |
| Keep | 1 | |
| Arcane Vault | 2 | |
| Arcane Sanctum | 1 | |
| Castle | 1 | |
| Gryphon Aviary | 3 | |
| Blacksmith | 2 | |
| Barracks | 1 | |
140 total
» build order
00:06 Altar of Kings
00:20 Farm
01:05 Scout Tower
01:13 Lumber Mill
01:25 Farm
01:31 Arcane Tower
01:41 Scout Tower
02:00 Farm
02:16 Guard Tower
02:21 Scout Tower
02:44 Scout Tower
03:02 Guard Tower
03:05 Scout Tower
04:31 Town Hall
04:37 Scout Tower
04:37 Scout Tower
04:41 Keep
04:54 Scout Tower
04:55 Scout Tower
04:56 Scout Tower
05:09 Arcane Tower
05:28 Guard Tower
05:32 Guard Tower
05:39 Arcane Vault
05:51 Guard Tower
06:08 Guard Tower
06:16 Guard Tower
06:41 Scout Tower
07:16 Scout Tower
07:19 Scout Tower
07:25 Arcane Sanctum
07:28 Castle
07:39 Arcane Tower
07:54 Guard Tower
07:56 Scout Tower
07:57 Scout Tower
07:59 Scout Tower
08:01 Arcane Tower
08:04 Scout Tower
08:06 Scout Tower
08:38 Arcane Tower
08:42 Guard Tower
09:01 Guard Tower
09:02 Scout Tower
09:05 Scout Tower
09:06 Scout Tower
09:07 Scout Tower
09:09 Guard Tower
09:27 Farm
09:55 Arcane Vault
11:28 Arcane Tower
11:30 Guard Tower
15:20 Scout Tower
15:21 Scout Tower
15:22 Scout Tower
15:24 Scout Tower
15:24 Scout Tower
16:03 Scout Tower
16:04 Scout Tower
16:05 Scout Tower
16:06 Scout Tower
16:12 Scout Tower
16:13 Scout Tower
16:16 Scout Tower
16:17 Scout Tower
16:18 Scout Tower
17:12 Guard Tower
17:36 Guard Tower
17:44 Scout Tower
17:45 Scout Tower
17:45 Scout Tower
17:46 Scout Tower
17:47 Scout Tower
17:47 Scout Tower
17:49 Scout Tower
17:50 Scout Tower
17:51 Scout Tower
17:51 Scout Tower
19:31 Arcane Tower
19:32 Guard Tower
19:35 Guard Tower
20:23 Guard Tower
20:33 Scout Tower
20:34 Scout Tower
21:09 Guard Tower
21:17 Scout Tower
21:20 Scout Tower
21:26 Scout Tower
21:27 Scout Tower
21:27 Scout Tower
21:28 Scout Tower
21:29 Scout Tower
22:04 Arcane Tower
22:05 Guard Tower
23:11 Arcane Tower
23:13 Guard Tower
24:11 Scout Tower
24:12 Scout Tower
24:13 Scout Tower
24:13 Scout Tower
24:42 Guard Tower
24:51 Farm
29:15 Guard Tower
29:25 Scout Tower
29:26 Scout Tower
29:27 Scout Tower
29:29 Scout Tower
29:30 Scout Tower
29:31 Scout Tower
29:31 Scout Tower
29:43 Scout Tower
29:44 Scout Tower
29:44 Scout Tower
30:08 Guard Tower
30:10 Scout Tower
30:11 Scout Tower
30:12 Scout Tower
30:22 Guard Tower
30:23 Scout Tower
30:24 Scout Tower
30:26 Arcane Tower
30:27 Guard Tower
30:55 Guard Tower
30:58 Town Hall
32:56 Arcane Tower
37:39 Gryphon Aviary
37:40 Gryphon Aviary
37:41 Gryphon Aviary
37:44 Farm
37:45 Farm
37:47 Farm
37:49 Farm
37:49 Farm
38:20 Blacksmith
38:23 Barracks
38:26 Blacksmith
38:33 Farm
38:34 Farm
38:35 Farm
38:36 Farm
» items
| Boots of Speed | 3 | |
| Staff of Teleportation | 3 | |
| Staff of Sanctuary | 3 | |
| Scroll of Town Portal | 1 | |
| Potion of Lesser Invulnerability | 1 | |
| Orb of Lightning | 3 | |
14 total
bSMACKSbMAGE (
purple | 90 APM | 4406 actions | 48:45)
5 Blademaster
2 Wind Walk
3 Critical Strike
5 Tauren Chieftain
3 War Stomp
2 Endurance Aura
5 Shadow Hunter
3 Healing Wave
2 Hex
» actions
| Assign group hotkey | 35 | |
| Basic commands | 105 | |
| Build / train | 89 | |
| ESC pressed | 19 | |
| Enter build submenu | 70 | |
| Enter hero's abilities submenu | 16 | |
| Give item / drop item | 9 | |
| Right click | 2007 | |
| Select / deselect | 390 | |
| Select group hotkey | 1331 | |
| Use ability | 334 | |
4406 total
» units
| Peon | 12 | |
| Goblin Zeppelin | 4 | |
| Wind Rider | 3 | |
| Demolisher | 17 | |
36 total
» upgrades
| Envenomed Spears | 1 | |
| Ranged Weapons | 3 | |
| Armor | 1 | |
| Burning Oil | 1 | |
6 total
» buildings
| Altar of Storms | 1 | |
| Orc Burrow | 8 | |
| Voodoo Lounge | 3 | |
| War Mill | 2 | |
| Stronghold | 3 | |
| Watch Tower | 31 | |
| Fortress | 1 | |
| Great Hall | 1 | |
| Beastiary | 2 | |
| Barracks | 16 | |
68 total
» build order
00:10 Altar of Storms
00:21 Orc Burrow
01:04 Voodoo Lounge
01:09 War Mill
01:38 Orc Burrow
03:24 Stronghold
03:24 Stronghold
03:40 Watch Tower
04:49 Voodoo Lounge
05:52 Fortress
06:08 Watch Tower
07:28 Watch Tower
08:28 Great Hall
08:37 Orc Burrow
10:00 Watch Tower
11:20 Beastiary
11:20 Beastiary
17:44 Watch Tower
17:44 Watch Tower
17:45 Watch Tower
19:14 Watch Tower
19:14 Watch Tower
22:55 Watch Tower
22:55 Watch Tower
22:56 Watch Tower
24:20 Watch Tower
24:21 Watch Tower
24:21 Watch Tower
25:27 Watch Tower
25:28 Watch Tower
25:28 Watch Tower
29:55 Watch Tower
29:56 Watch Tower
30:22 Watch Tower
30:23 Watch Tower
30:23 Watch Tower
30:25 Watch Tower
30:26 Watch Tower
33:40 Watch Tower
33:42 Watch Tower
33:43 Watch Tower
33:44 Voodoo Lounge
37:02 War Mill
38:52 Barracks
38:57 Orc Burrow
38:58 Orc Burrow
38:59 Orc Burrow
39:06 Barracks
39:48 Barracks
39:48 Barracks
39:49 Barracks
39:50 Barracks
41:17 Barracks
42:28 Barracks
42:47 Barracks
42:48 Barracks
42:48 Barracks
42:49 Barracks
42:53 Barracks
42:54 Barracks
42:55 Barracks
42:57 Orc Burrow
43:00 Orc Burrow
43:40 Barracks
» items
| Lesser Clarity Potion | 4 | |
| Healing Salve | 2 | |
| Scroll of Speed | 1 | |
| Staff of Teleportation | 3 | |
| Boots of Speed | 3 | |
| Circlet of Nobility | 1 | |
| Orb of Lightning | 3 | |
| Staff of Sanctuary | 3 | |
| Potion of Healing | 2 | |
| Potion of Lesser Invulnerability | 1 | |
23 total
Gobiner (
pink | 57 APM | 2784 actions | 48:54)
5 Blademaster
3 Wind Walk
2 Critical Strike
4 Shadow Hunter
2 Hex
2 Healing Wave
» actions
| Assign group hotkey | 19 | |
| Basic commands | 142 | |
| Build / train | 105 | |
| ESC pressed | 8 | |
| Enter build submenu | 88 | |
| Enter hero's abilities submenu | 9 | |
| Give item / drop item | 9 | |
| Right click | 1109 | |
| Select / deselect | 283 | |
| Select group hotkey | 765 | |
| Use ability | 247 | |
2784 total
» units
| Peon | 39 | |
| Troll Batrider | 3 | |
| Kodo Beast | 1 | |
| Goblin Shredder | 1 | |
| Goblin Zeppelin | 1 | |
| Demolisher | 3 | |
48 total
» upgrades
| Reinforced Defenses | 1 | |
| Liquid Fire | 1 | |
| Ranged Weapons | 3 | |
| Troll Regeneration | 1 | |
| Armor | 3 | |
| Spiked Barricades | 3 | |
| Envenomed Spears | 1 | |
| War Drums Damage Increase | 1 | |
| Melee Weapons | 2 | |
| Burning Oil | 1 | |
17 total
» buildings
| Altar of Storms | 1 | |
| Orc Burrow | 4 | |
| War Mill | 1 | |
| Voodoo Lounge | 1 | |
| Watch Tower | 97 | |
| Stronghold | 3 | |
| Fortress | 1 | |
| Beastiary | 2 | |
| Great Hall | 2 | |
| Barracks | 1 | |
113 total
» build order
00:08 Altar of Storms
00:21 Orc Burrow
00:34 War Mill
01:28 Voodoo Lounge
01:58 Orc Burrow
02:41 Watch Tower
02:57 Watch Tower
04:29 Watch Tower
04:51 Stronghold
04:51 Stronghold
05:19 Watch Tower
05:35 Watch Tower
06:18 Watch Tower
07:15 Fortress
07:22 Orc Burrow
07:23 Orc Burrow
07:29 Beastiary
07:31 Beastiary
07:36 Watch Tower
07:37 Watch Tower
08:40 Watch Tower
08:42 Watch Tower
09:55 Great Hall
10:09 Watch Tower
10:10 Watch Tower
11:29 Watch Tower
11:31 Watch Tower
13:14 Watch Tower
13:43 Barracks
14:48 Watch Tower
14:49 Watch Tower
14:54 Watch Tower
14:56 Watch Tower
15:35 Watch Tower
15:37 Watch Tower
15:38 Watch Tower
15:39 Watch Tower
15:40 Watch Tower
15:41 Watch Tower
16:13 Watch Tower
16:15 Watch Tower
16:16 Watch Tower
16:17 Watch Tower
17:30 Watch Tower
17:31 Watch Tower
17:32 Watch Tower
17:33 Watch Tower
18:40 Watch Tower
18:45 Watch Tower
18:47 Watch Tower
18:52 Watch Tower
19:51 Watch Tower
19:55 Watch Tower
19:56 Watch Tower
20:06 Watch Tower
21:25 Watch Tower
21:27 Watch Tower
21:28 Watch Tower
21:29 Watch Tower
21:32 Watch Tower
21:55 Watch Tower
21:56 Watch Tower
21:57 Watch Tower
21:59 Watch Tower
22:05 Watch Tower
22:09 Watch Tower
22:09 Watch Tower
22:10 Watch Tower
22:34 Watch Tower
23:54 Watch Tower
24:26 Watch Tower
24:52 Watch Tower
26:10 Watch Tower
26:59 Watch Tower
27:00 Watch Tower
27:31 Watch Tower
27:32 Watch Tower
27:47 Watch Tower
27:48 Watch Tower
28:47 Great Hall
28:52 Watch Tower
28:54 Watch Tower
28:55 Watch Tower
28:57 Watch Tower
28:58 Watch Tower
28:59 Watch Tower
29:00 Watch Tower
29:02 Watch Tower
29:04 Watch Tower
29:04 Watch Tower
29:05 Watch Tower
29:08 Watch Tower
29:09 Watch Tower
29:10 Watch Tower
29:15 Watch Tower
30:02 Watch Tower
30:20 Watch Tower
31:32 Watch Tower
31:33 Watch Tower
33:03 Watch Tower
34:23 Watch Tower
43:21 Watch Tower
44:01 Watch Tower
44:02 Watch Tower
44:04 Watch Tower
44:05 Watch Tower
44:06 Watch Tower
44:07 Watch Tower
44:11 Watch Tower
44:33 Watch Tower
45:44 Watch Tower
45:47 Watch Tower
» items
| Lesser Clarity Potion | 5 | |
| Circlet of Nobility | 3 | |
| Boots of Speed | 3 | |
| Staff of Teleportation | 2 | |
| Healing Salve | 4 | |
| Scroll of Speed | 1 | |
| Orb of Lightning | 2 | |
| Staff of Sanctuary | 2 | |
22 total
Ishamal (
blue | 47 APM | 2279 actions | 48:45)
4 Archmage
2 Blizzard
2 Brilliance Aura
4 Dark Ranger
2 Silence
2 Life Drain
3 Mountain King
2 Storm Bolt
1 Bash
» actions
| Assign group hotkey | 9 | |
| Basic commands | 38 | |
| Build / train | 108 | |
| ESC pressed | 4 | |
| Enter build submenu | 45 | |
| Enter hero's abilities submenu | 12 | |
| Give item / drop item | 6 | |
| Right click | 1252 | |
| Select / deselect | 426 | |
| Select group hotkey | 174 | |
| Use ability | 205 | |
2279 total
» units
| Peasant | 20 | |
| Priest | 2 | |
| Sorceress | 1 | |
| Goblin Zeppelin | 2 | |
| Flying Machine | 15 | |
40 total
» upgrades
| Masonry | 3 | |
| Lumber Harvesting | 2 | |
| Magic Sentry | 1 | |
| Priest Training | 2 | |
| Sorceress Training | 2 | |
| Gunpowder | 3 | |
| Flak Cannons | 1 | |
| Flying Machine Bombs | 1 | |
15 total
» buildings
| Altar of Kings | 1 | |
| Farm | 20 | |
| Scout Tower | 67 | |
| Lumber Mill | 1 | |
| Arcane Tower | 3 | |
| Guard Tower | 20 | |
| Keep | 1 | |
| Arcane Sanctum | 1 | |
| Town Hall | 1 | |
| Castle | 1 | |
| Arcane Vault | 3 | |
| Blacksmith | 1 | |
| Workshop | 8 | |
128 total
» build order
00:05 Altar of Kings
00:24 Farm
00:50 Scout Tower
00:56 Farm
01:15 Lumber Mill
01:28 Arcane Tower
01:52 Scout Tower
01:54 Scout Tower
02:17 Scout Tower
02:18 Scout Tower
02:23 Guard Tower
02:27 Guard Tower
02:27 Guard Tower
02:47 Guard Tower
02:50 Scout Tower
02:51 Guard Tower
03:00 Scout Tower
03:29 Guard Tower
03:32 Scout Tower
03:32 Scout Tower
03:33 Scout Tower
04:12 Guard Tower
04:18 Keep
04:24 Scout Tower
04:28 Scout Tower
04:32 Arcane Tower
05:00 Guard Tower
05:04 Scout Tower
05:06 Scout Tower
05:41 Scout Tower
05:42 Scout Tower
05:51 Guard Tower
06:01 Farm
06:11 Scout Tower
06:12 Scout Tower
07:16 Farm
07:21 Guard Tower
07:22 Arcane Sanctum
08:42 Town Hall
09:14 Castle
09:28 Scout Tower
09:29 Scout Tower
09:30 Scout Tower
09:31 Scout Tower
09:31 Scout Tower
10:02 Guard Tower
11:12 Guard Tower
11:16 Scout Tower
11:17 Scout Tower
11:17 Scout Tower
11:17 Scout Tower
11:18 Scout Tower
11:19 Scout Tower
12:57 Guard Tower
13:06 Scout Tower
13:12 Scout Tower
13:16 Scout Tower
13:22 Scout Tower
16:06 Guard Tower
16:07 Scout Tower
16:08 Scout Tower
16:22 Arcane Vault
16:23 Arcane Vault
16:24 Arcane Vault
17:11 Arcane Tower
18:53 Scout Tower
18:54 Scout Tower
20:02 Guard Tower
20:10 Scout Tower
20:11 Scout Tower
20:12 Scout Tower
20:13 Scout Tower
20:14 Scout Tower
20:15 Scout Tower
20:16 Scout Tower
20:16 Scout Tower
20:18 Scout Tower
20:18 Scout Tower
20:19 Scout Tower
20:20 Scout Tower
20:21 Scout Tower
20:22 Scout Tower
20:23 Scout Tower
20:24 Scout Tower
20:25 Scout Tower
20:26 Scout Tower
20:27 Scout Tower
20:28 Scout Tower
21:04 Guard Tower
22:44 Guard Tower
23:27 Guard Tower
25:53 Guard Tower
26:56 Blacksmith
27:23 Scout Tower
27:24 Scout Tower
27:25 Scout Tower
27:26 Scout Tower
27:27 Scout Tower
28:00 Scout Tower
28:01 Scout Tower
28:01 Scout Tower
28:02 Scout Tower
28:03 Scout Tower
29:11 Guard Tower
38:27 Farm
38:28 Farm
38:29 Farm
38:29 Farm
38:30 Farm
38:31 Farm
38:31 Farm
38:32 Farm
38:32 Farm
38:32 Farm
38:33 Farm
38:33 Farm
38:33 Farm
38:40 Workshop
38:41 Workshop
38:43 Workshop
38:44 Workshop
38:46 Workshop
38:47 Workshop
38:49 Workshop
38:55 Workshop
» items
| Boots of Speed | 3 | |
| Staff of Teleportation | 3 | |
| Orb of Lightning | 3 | |
| Healing Salve | 1 | |
| Staff of Sanctuary | 4 | |
14 total
Chat log
(05:38 / Allies) bSMACKSbMAGE: i think
(05:42 / Allies) bSMACKSbMAGE: if u know where they are creeping or expos
(05:45 / Allies) bSMACKSbMAGE: u should probobly go there
(06:35 / Allies) bSMACKSbMAGE: cuntrol
(08:47 / Allies) bSMACKSbMAGE: mien
(08:47 / Allies) bSMACKSbMAGE: if
(08:48 / Allies) bSMACKSbMAGE: i wasnt lagging
(08:52 / Allies) bSMACKSbMAGE: give hp regen plz
(08:54 / Allies) bSMACKSbMAGE: blade can use well
(09:35 / Allies) AYoungGirl: free exp
(09:39 / Allies) bSMACKSbMAGE: gobiner
(10:25 / Allies) bSMACKSbMAGE: 2 pally
(11:03 / Allies) bSMACKSbMAGE: do
(11:04 / Allies) bSMACKSbMAGE: the reds
(11:05 / Allies) bSMACKSbMAGE: imo
(11:29 / Allies) bSMACKSbMAGE: a couple shops at once plz ish
(11:53 / Allies) bSMACKSbMAGE: thats gonna fuck us so hard
(13:33 / Allies) bSMACKSbMAGE: its not like
(13:35 / Allies) bSMACKSbMAGE: i can actually yoink items
(13:35 / Allies) bSMACKSbMAGE: with my lag
(13:45 / Allies) bSMACKSbMAGE: we can do dragons with some bats
(13:50 / Allies) bSMACKSbMAGE: better use of them than so far tbqwh
(14:15 / Allies) bSMACKSbMAGE: god this lagggg
(14:23 / Allies) Ishamal: me 2 :S
(14:26 / Allies) bSMACKSbMAGE: laffo
(14:40 / Allies) bSMACKSbMAGE: mine
(14:42 / Allies) bSMACKSbMAGE: plz
(15:27 / Allies) bSMACKSbMAGE: gobiner
(15:30 / Allies) bSMACKSbMAGE: why did u take endurance
(15:34 / Allies) bSMACKSbMAGE: lmao
(15:51 / Allies) bSMACKSbMAGE: is that a valid question
(15:58 / Allies) bSMACKSbMAGE: ttt
(17:08 / Allies) bSMACKSbMAGE: fun lag
(17:58 / Allies) bSMACKSbMAGE: ummm
(19:20 / Allies) bSMACKSbMAGE: gotta tower the whole thing now
(19:31 / Allies) bSMACKSbMAGE: haha
(19:34 / Allies) bSMACKSbMAGE: i just pinged the entire wall at once
(19:36 / Allies) bSMACKSbMAGE: due to lag
(21:31 / Allies) bSMACKSbMAGE: big dragon
(21:57 / Allies) bSMACKSbMAGE: big dragon
(21:58 / Allies) bSMACKSbMAGE: big laggin!@
(23:28 / All) ss.377: gayest game ive ever palyed
(23:33 / All) bSMACKSbMAGE: Bye noob
(25:08 / Allies) bSMACKSbMAGE: cant
(25:09 / Allies) bSMACKSbMAGE: mivro
(25:11 / Allies) bSMACKSbMAGE: in that shit
(25:24 / Allies) bSMACKSbMAGE: massive workshop army coming for top btw
(25:36 / Allies) bSMACKSbMAGE: need help
(25:41 / Allies) bSMACKSbMAGE: or they will steamroll us
(25:47 / Allies) Ishamal: im a 0.3fps right now :O
(25:48 / Allies) Ishamal: *at
(25:51 / Allies) bSMACKSbMAGE: laffo
(26:23 / Allies) Ishamal: shit doesnt even move
(26:46 / Allies) Ishamal: ok
(26:49 / Allies) Ishamal: back up to 10 now
(27:23 / All) ss.377: such douches
(27:35 / Allies) Ishamal: bat that?
(27:42 / All) 777[7]777: :D
(28:09 / Allies) Ishamal: ahahaha
(28:29 / Allies) bSMACKSbMAGE: wow
(28:30 / Allies) bSMACKSbMAGE: that lag
(29:10 / Allies) bSMACKSbMAGE: laffo
(31:55 / Allies) bSMACKSbMAGE: about
(33:09 / Allies) Ishamal: lag is back
(33:32 / All) bSMACKSbMAGE: noob
(33:47 / All) HolyAlliancePPC: u guys are noob...this strat watse of time
(33:51 / All) Gobiner: 2ez
(33:53 / All) bSMACKSbMAGE: get out noob
(33:55 / All) ss.377: ...
(33:55 / All) NoOrcfemales: the one who mass bulds towers calls us noob lol
(33:57 / All) HolyAlliancePPC: do smth more fun...
(33:59 / All) Ishamal: 2ez
(34:03 / All) AYoungGirl: you go quad humans and then fail to beat towers
(34:03 / All) Gobiner: why don't you quit about it
(34:04 / All) AYoungGirl: l o l
(34:07 / All) ss.377: rofl
(34:08 / All) bSMACKSbMAGE: u pick 4 humans and hope to attack move with mass + bolt
(34:09 / All) bSMACKSbMAGE: grats
(34:10 / All) ss.377: you guys are fuckin douches
(34:11 / All) bSMACKSbMAGE: get out noobs
(34:14 / All) ss.377: who mass towers>?
(34:18 / All) ss.377: and playes one game for hour
(34:18 / All) AYoungGirl: we mass towers
(34:19 / All) ss.377: >?
(34:20 / All) NoOrcfemales: we got out gayed lol
(34:21 / All) NoOrcfemales: gj
(34:24 / All) ss.377: thats whyur gay
(34:25 / All) AYoungGirl: its been like 40 minutes maybe
(34:26 / All) bSMACKSbMAGE: u play one hour games
(34:27 / All) bSMACKSbMAGE: to lose
(34:28 / All) bSMACKSbMAGE: apparently
(34:29 / All) AYoungGirl: 2 e z scrubs
(34:47 / All) Ishamal: 2ez
(34:56 / All) bSMACKSbMAGE: yeah
(34:58 / All) bSMACKSbMAGE: run ur untis away
(35:03 / All) bSMACKSbMAGE: and waste ur ownt ime some more
(35:04 / All) bSMACKSbMAGE: Gj
(36:11 / Allies) bSMACKSbMAGE: gob
(36:11 / All) NoOrcfemales: lol
(36:15 / All) NoOrcfemales: not so gg but later
(36:17 / Allies) bSMACKSbMAGE: i had a stomp on him
(36:20 / All) ss.377: fags
(36:27 / All) AYoungGirl: 2 e z noobs
(36:31 / All) ss.377: rofl 2 ez?
(36:34 / All) AYoungGirl: yues
(36:34 / All) AYoungGirl: 2ez
(36:35 / All) bSMACKSbMAGE: 2ez
(36:37 / All) ss.377: 2 ezs does not take u hour n half to do
(36:39 / All) ss.377: rofl
(36:40 / All) AYoungGirl: to beat scrubs like you
(36:43 / All) ss.377: u guys mass towers?
(36:47 / All) ss.377: thats the newbiest strat
(36:49 / All) AYoungGirl: you guys lost to towers
(36:51 / All) AYoungGirl: 1v1 scrub?
(36:53 / All) ss.377: woulda fuckin owned u if wdidnt go hu
(36:56 / All) ss.377: yeah bitch
(36:58 / All) bSMACKSbMAGE: LOL
(36:58 / All) AYoungGirl: k
(37:03 / All) bSMACKSbMAGE: ur bad
(37:08 / All) AYoungGirl: cant wait until you dodge
(37:19 / All) AYoungGirl: clan soca
(37:20 / All) ss.377: so sad
(37:22 / All) AYoungGirl: meet after game
(37:25 / All) ss.377: im actually gonna let u finish everything
(37:27 / All) ss.377: doesnt that suck?
(37:29 / All) AYoungGirl: UH OH
(37:31 / All) ss.377: u have another hour
(37:33 / All) ss.377: ...
(37:35 / All) bSMACKSbMAGE: Yeah
(37:39 / All) ss.377: damn ouches
(37:40 / All) bSMACKSbMAGE: killing buildings is really ayhrd
(37:44 / All) ss.377: ima smoke a bowl n chill
(37:48 / All) ss.377: you guys play ur gay game
(38:00 / All) AYoungGirl: think up some excuses for your next solo loss while you're at it
(38:39 / All) ss.377: naw ima let these bitches finish
(38:43 / All) bSMACKSbMAGE: NAW
(38:50 / All) ss.377: suppose to be pst
(41:39 / All) AYoungGirl: nice hiding noob
(41:48 / All) bSMACKSbMAGE: lolololol
(42:12 / Allies) bSMACKSbMAGE: its
(42:14 / Allies) bSMACKSbMAGE: hex heal heal
(42:51 / Allies) bSMACKSbMAGE: wood anyone
(43:06 / Allies) bSMACKSbMAGE: ne12
(43:16 / Allies) bSMACKSbMAGE: ty
(43:54 / Allies) Ishamal: i get 1.1fps when i look at my gyros
(44:08 / Allies) bSMACKSbMAGE: sound like ur video card isnt working
(44:10 / Allies) bSMACKSbMAGE: for whatever reason
(44:12 / All) AYoungGirl: thats the worst hiding spot ive ever seen
(44:16 / Allies) Ishamal: ya
(44:18 / Allies) Ishamal: im sad
(44:34 / All) bSMACKSbMAGE: did u just try to hide a town hall in ur own main
(44:39 / All) AYoungGirl: he did
(44:41 / All) ss.377: ya
(44:45 / All) bSMACKSbMAGE: Noive
(44:47 / All) ss.377: did u find it?
(44:50 / All) AYoungGirl: gonna go afk *doesnt go afk*
(45:05 / All) Gobiner: shit you sure showed us
(45:08 / All) bSMACKSbMAGE: hey guys look @ me i hate long games *runs around making town halls(
(45:09 / All) Gobiner: thanks for the free win
(45:16 / All) Gobiner: (it can get wet and i would not like that, plus 2 compartments looks more kawaii)
(45:20 / All) ss.377: free win lol
(45:24 / All) AYoungGirl: my condolences for your loss
(45:24 / All) ss.377: fre win doesnt take this long
(45:37 / All) AYoungGirl: it sure is this easy though
(45:42 / All) bSMACKSbMAGE: free win takes just this much effort
(45:50 / All) ss.377: right
(45:56 / Allies) bSMACKSbMAGE: -fps
(46:02 / All) AYoungGirl: another good hiding spot
(46:03 / Allies) Ishamal: /fps
(46:22 / All) bSMACKSbMAGE: hey Ill brb gotta take a dump
(46:25 / All) bSMACKSbMAGE: hope u dun mind waiting
(46:36 / All) Gobiner: It is an Image of a Timeline.
(48:43 / All) ss.377: gonna see this shit on wcreplays